 Seeded DCSS version 0.30-a0-377-g5cb311bc9f (webtiles) character file.

Game seed: 7337 (custom seed)

70 McGhostyFace the Magician (level 4, -2/34 HPs)
             Began as a Gnoll Wanderer on Nov 27, 2022.
             Slain by an orc priest
             ... wielding a +0 hand axe
              (7 damage)
             ... on level 3 of the Dungeon on Nov 28, 2022.
             The game lasted 00:02:59 (1501 turns).

McGhostyFace the Magician (Gnoll Wanderer)          Turns: 1501, Time: 00:02:59

Health: -2/34      AC:  3    Str: 10    XL:     4   Next: 21%
Magic:  7/11       EV: 12    Int: 19    God:
Gold:   173        SH:  0    Dex: 13    Spells: 9/13 levels left

rFire   + . .      SeeInvis .    a - +2 short sword
rCold   . . .      Faith    .    (no shield)
rNeg    + . .      Spirit   .    d - +0 robe
rPois   .          Reflect  .    (no helmet)
rElec   .          Harm     .    (no cloak)
rCorr   +          Rampage  .    (no gloves)
Will    .....                    b - +0 pair of boots
Stlth   +++.......               (no amulet)
HPRegen 0.25/turn                k - ring of Fituon {rF+ rN+ rCorr Int+6}
MPRegen 0.12/turn                (no ring)

@: attractive
A: fangs 1, strong nose, distributed training
a: no special abilities


You were on level 3 of the Dungeon.
You visited 1 branch of the dungeon, and saw 3 of its levels.

You collected 173 gold pieces.

Inventory:

Hand Weapons
 a - a +2 short sword (weapon)
Armour
 b - a +0 pair of boots (worn)
 d - a +0 robe (worn)
Jewellery
 k - the ring of Fituon (left hand) {rF+ rN+ rCorr Int+6}
   (You found it on level 2 of the Dungeon)

   [ring of intelligence]

   Int:       It affects your intelligence (+6).
   rF:        It protects you from fire.
   rN:        It protects you from negative energy.
   rCorr:     It protects you from acid and corrosion.
Scrolls
 c - a scroll of fear
 f - 3 scrolls of identify {unknown}
 h - a scroll of vulnerability {unknown}
 j - a scroll of noise {unknown}
 m - a scroll of poison {unknown}
 n - a scroll of fog {unknown}
Potions
 e - 2 potions of attraction
 g - a potion of lignification {unknown}
 i - a potion of curing {unknown}
 l - a potion of mutation {unknown}
 o - a potion of invisibility {unknown}
 p - 2 potions of brilliance {unknown}


   Skills:
 + Level 2.7 Fighting
 + Level 4.6 Short Blades
 + Level 1.1 Long Blades
 + Level 1.1 Axes
 + Level 1.1 Maces & Flails
 + Level 1.1 Polearms
 + Level 1.1 Staves
 + Level 1.1 Ranged Weapons
 + Level 1.1 Throwing
 + Level 1.1 Armour
 + Level 2.7 Dodging
 + Level 4.2 Stealth
 + Level 1.1 Shields
 + Level 1.1 Unarmed Combat
 + Level 5.0 Spellcasting
 + Level 0.8 Conjurations
 + Level 0.8 Hexes
 + Level 3.8 Summonings
 + Level 0.8 Necromancy
 + Level 0.8 Translocations
 + Level 0.8 Transmutations
 + Level 0.8 Fire Magic
 + Level 0.8 Ice Magic
 + Level 0.8 Air Magic
 + Level 0.8 Earth Magic
 + Level 0.8 Poison Magic
 + Level 1.2 Invocations
 + Level 1.1 Evocations


You had 9 spell levels left.
You knew the following spells:

 Your Spells              Type           Power      Damage    Failure   Level
a - Summon Small Mammal   Summ           76%        N/A       2%          1
b - Summon Guardian Gole  Hex/Summ       13%        N/A       14%         3

Your spell library contained the following spells:

 Spells                   Type           Power      Damage    Failure   Level


Dungeon Overview and Level Annotations

Branches:
Dungeon (3/15)

Altars:


Innate Abilities, Weirdness & Mutations

You have very sharp teeth.
Your uncanny sense of smell can sniff out nearby items.
Your experience applies equally to all skills.


Message History

You completely miss the orc priest.
The orc priest is moderately wounded.
You hit the orc priest but do no damage.
The orc priest is moderately wounded.
The orc priest hits you with a +0 hand axe.
The orc priest calls upon Beogh to heal the orc priest.
The orc priest's wounds heal themselves!
You closely miss the orc priest.
The orc priest hits you with a +0 hand axe.
You closely miss the orc priest. The orc priest closely misses you.
You swap places.
Your bat hits the orc priest.
Your bat barely misses the orc priest.
Your bat completely misses the orc priest.
The orc priest hits your bat with a +0 hand axe.
Your bat dies!
Your bat's corpse disappears in a puff of smoke!
Casting: Summon Small Mammal (safe; 2% risk of failure)
Confirm with . or Enter, or press ? or * to list all spells.
The orc priest closely misses you.
You swap places.
The orc priest hits your rat with a +0 hand axe.
Your rat dies!
Your rat's corpse disappears in a puff of smoke!
Casting: Summon Small Mammal (safe; 2% risk of failure)
Confirm with . or Enter, or press ? or * to list all spells.
The orc priest invokes the aid of Beogh against you.
Beogh smites you!
* * * LOW HITPOINT WARNING * * *
The orc priest calls upon Beogh to heal the orc priest.
The orc priest's wounds heal themselves!
Casting: Summon Small Mammal (safe; 2% risk of failure)
Confirm with . or Enter, or press ? or * to list all spells.
The orc priest looks braver for a moment.
The orc priest begins to cast a cantrip, but forgets the words!
Your rat completely misses the orc priest.
It was a potion of attraction.
You feel attractive to monsters.
Your quokka closely misses the orc priest.
The orc priest hits you with a +0 hand axe!
You die...

..### ..# ..# .## .# .#
#######.# .#
############r......#
.####........ooor.......
...##.#######.##@#######
......# #)##.# ##.#.##
#o##.# #.#.# ..o...
#.#.# ..#### ##.#.# .(.#
...#.# ...# #..#.# #...#
#..#.#


You could see 2 orc priests, an orc, a friendly quokka (summoned) and a friendly
rat (summoned).

Vanquished Creatures
  A gnoll (D:1)
  An adder (D:2)
  2 dart slugs
  2 orcs (D:3)
  4 ball pythons
  4 bats
  4 endoplasms
  6 giant cockroaches
  3 goblins (D:1)
  5 hobgoblins
  A quokka (D:2)
  3 frilled lizards
  A kobold (D:2)
  A rat (D:2)
38 creatures vanquished.

Vanquished Creatures (collateral kills)
  An orc (D:3)
1 creature vanquished.

Grand Total: 39 creatures vanquished

Notes
Turn   | Place    | Note
-------+----------+-------------------------------------------
     0 | D:1      | McGhostyFace the Gnoll Wanderer began the quest for the
                  | Orb.
     0 | D:1      | McGhostyFace set off with the following items: a +2 short
                  | sword, a +0 pair of boots, a scroll of fear, a +0 robe; and
                  | the following spell memorised: Summon Small Mammal; and the
                  | following spells available to memorise: Summon Guardian
                  | Golem.
     0 | D:1      | Reached XP level 1. HP: 17/17 MP: 6/6
   145 | D:1      | Reached XP level 2. HP: 23/23 MP: 7/7
   277 | D:1      | Reached skill level 5 in Spellcasting
   277 | D:1      | Reached XP level 3. HP: 28/28 MP: 7/9
   443 | D:1      | You fall into a shaft and drop 1 floor!
   477 | D:1      | Reached skill level 1 in Invocations
   750 | D:2      | Identified the ring of Fituon {rF+ rN+ rCorr Int+6}
   755 | D:2      | Reached skill level 1 in Long Blades
   755 | D:2      | Reached skill level 1 in Axes
   755 | D:2      | Reached skill level 1 in Maces & Flails
   755 | D:2      | Reached skill level 1 in Polearms
   755 | D:2      | Reached skill level 1 in Staves
   755 | D:2      | Reached skill level 1 in Ranged Weapons
   755 | D:2      | Reached skill level 1 in Throwing
   755 | D:2      | Reached skill level 1 in Armour
   755 | D:2      | Reached skill level 1 in Shields
   755 | D:2      | Reached skill level 1 in Unarmed Combat
   755 | D:2      | Reached skill level 1 in Evocations
  1010 | D:2      | Found a faded altar of an unknown god.
  1198 | D:2      | Reached XP level 4. HP: 32/34 MP: 11/11
  1363 | D:2      | Learned a level 3 spell: Summon Guardian Golem
  1501 | D:3      | Slain by an orc priest

Illustrated notes

Levels and vault maps discovered:
D:1:      minmay_arrival_shattered_statue, layout_basic
D:2:      layout_loops_cross, hellmonk_ecumenical_altar_slurped_away
D:3:      cheibrodos_pilgrimage, layout_loops_ring,
          ebering_ghost_reflecting_pool

Skill      XL: |  1  2  3 |
---------------+----------+-----
Spellcasting   | 5 |  5.0
Invocations    | 1 |  1.2
Long Blades    | 1 |  1.1
Axes           | 1 |  1.1
Maces & Flails | 1 |  1.1
Polearms       | 1 |  1.1
Staves         | 1 |  1.1
Ranged Weapons | 1 |  1.1
Throwing       | 1 |  1.1
Armour         | 1 |  1.1
Shields        | 1 |  1.1
Unarmed Combat | 1 |  1.1
Evocations     | 1 |  1.1
Fighting       | |  2.7
Short Blades   | |  4.6
Dodging        | |  2.7
Stealth        | |  4.2
Conjurations   | |  0.8
Hexes          | |  0.8
Summonings     | |  3.8
Necromancy     | |  0.8
Translocations | |  0.8
Transmutations | |  0.8
Fire Magic     | |  0.8
Ice Magic      | |  0.8
Air Magic      | |  0.8
Earth Magic    | |  0.8
Poison Magic   | |  0.8

Action                   |  1- 3 |  4- 6 || total
-------------------------+-------+-------++-------
Melee: Short sword       |    87 |    18 ||   105
       Bite              |     4 |     1 ||     5
 Cast: Summon Small Mamm |       |    10 ||    10
  Use: Potion            |       |     1 ||     1
 Stab: Sleeping          |     8 |     2 ||    10
       Distracted        |     1 |       ||     1
Armor: Robe              |    13 |       ||    13
Dodge: Dodged            |    54 |     8 ||    62

Table legend: (Time is in decaauts)
 A = Elapsed time spent in this place.
 B = Non-inter-level travel time spent in this place.
 C = Inter-level travel time spent in this place.
 D = Time resting spent in this place.
 E = Time spent auto-exploring this place.
 F = Levels seen in this place.
 G = Mean time per level.
                   A        B        C        D        E       F      G
               +--------+--------+--------+--------+--------+-----+--------+
         Total |   1475 |   1390 |     85 |      0 |   1107 |   3 |  491.7 |
       Dungeon |   1475 |   1390 |     85 |      0 |   1107 |   3 |  491.7 |
               +--------+--------+--------+--------+--------+-----+--------+

Top non-repeatable levels by time:
     D:2: 733 daAuts
     D:1: 612 daAuts
     D:3: 129 daAuts
